 Dungeon Crawl Stone Soup version 0.25.1-2-g60ff931df9 (webtiles) character file.

Game seed: 13126222544322215006

23277 DearestLeader the Cleaver (level 12, -2/88 HPs)
             Began as a Demonspawn Gladiator on Oct 19, 2020.
             Was a Priest of Qazlal.
             Slain by a naga
             ... wielding a +0 glaive
              (6 damage)
             ... on level 3 of the Lair of Beasts.
             The game lasted 00:32:14 (18695 turns).

DearestLeader the Cleaver (Demonspawn Gladiator)   Turns: 18695, Time: 00:32:15

Health: -2/88      AC: 24    Str: 19    XL:     12   Next: 70%
Magic:  12/12      EV: 11    Int: 10    God:    Qazlal [***...]
Gold:   827        SH:  9    Dex: 15    Spells: 11/11 levels left

rFire    + . .     SeeInvis +   c - +5 battleaxe (vorpal)
rCold    . . .     Gourm    .   (shield currently unavailable)
rNeg     . . .     Faith    .   F - +0 plate armour
rPois    .         Spirit   .   C - +2 hat {SInv}
rElec    .         Reflect  +   P - +0 cloak
rCorr    .         Harm     .   E - +2 pair of gloves
MR       .....     Rnd*Tele +   (boots unavailable)
Stlth    ..........             x - amulet of reflection
HPRegen  0.24/turn              l - ring of teleportation
MPRegen  0.13/turn              D - ring of protection from fire

@: agile, lethally poisoned (-2 -> -6), constricted
A: hooves 3, molten scales 2, powered by pain 2
a: Upheaval, Elemental Force, Renounce Religion


You were on level 3 of the Lair of Beasts.
You worshipped Qazlal.
Qazlal was most pleased with you.
You were not hungry.

You visited 3 branches of the dungeon, and saw 15 of its levels.

You collected 827 gold pieces.

Inventory:

Hand Weapons
 a - a +2 vorpal battleaxe
 c - a +5 vorpal battleaxe (weapon)
 X - a +0 demon trident of venom
Missiles
 d - 4 throwing nets
 q - 42 poisoned darts (quivered)
Armour
 b - a +0 buckler
 C - a +2 hat of see invisible (worn)
 E - a +2 pair of gloves (worn)
 F - a +0 plate armour (worn)
 K - a +2 helmet
 P - a +0 cloak (worn)
Jewellery
 l - a ring of teleportation (left hand)
 x - an amulet of reflection (around neck)
 B - a +6 ring of strength
 D - a ring of protection from fire (right hand)
 I - an uncursed ring of ice
 J - an uncursed amulet of the acrobat
 R - an uncursed amulet of magic regeneration {unknown}
 Y - a cursed -4 ring of strength
Wands
 g - a wand of iceblast (9)
 h - a wand of acid (13)
 n - a wand of clouds (20)
 A - a wand of enslavement (6)
 H - a wand of flame (30)
 O - a wand of polymorph (7)
Scrolls
 e - 5 scrolls of remove curse
 i - 2 scrolls of immolation
 j - 4 scrolls of enchant weapon
 m - 3 scrolls of amnesia
 p - 3 scrolls of enchant armour
 v - 7 scrolls of fear
 y - 3 scrolls of fog
 M - a scroll of summoning
 N - 2 scrolls of blinking
 Q - a scroll of torment
 S - a scroll of magic mapping {unknown}
 U - 3 scrolls of teleportation
Potions
 k - 3 potions of curing
 o - 4 potions of lignification
 r - 5 potions of haste
 s - a potion of stabbing
 t - 4 potions of mutation {unknown}
 u - 2 potions of ambrosia
 w - a potion of experience {unknown}
 z - 2 potions of resistance {unknown}
 G - a potion of flight
 L - a potion of might {unknown}
 V - 3 potions of degeneration
 Z - a potion of invisibility {unknown}
Comestibles
 f - 23 rations
 T - 2 chunks of flesh


   Skills:
 - Level 6.3 Fighting
 * Level 14.7 Axes
 - Level 1.7 Throwing
 + Level 10.8 Armour
 + Level 4.8 Dodging


You had 11 spell levels left.
You didn't know any spells.
Your spell library contained the following spells:

 Spells                   Type           Power        Failure   Level  Hunger
 Corona                   Hex            #......      100%        1    ##.....
 Ensorcelled Hibernation  Hex/Ice        #.....       100%        2    ###....
 Confusing Touch          Hex            #.......     100%        3    ####...
 Dazzling Flash           Conj/Hex       #.....       100%        3    ####...
 Gell's Gravitas          Tloc           #.........   100%        3    ####...
 Tukima's Dance           Hex            #.......     100%        3    ####...
 Cause Fear               Hex            #.........   100%        4    #####..
 Petrify                  Tmut/Erth      #.......     100%        4    #####..
 Metabolic Englaciation   Hex/Ice        #.........   100%        5    ######.
 Silence                  Hex/Air        #.........   100%        5    ######.
 Yara's Violent Unravell  Hex/Tmut       #.........   100%        5    ######.
 Discord                  Hex            #.........   100%        8    #######


Dungeon Overview and Level Annotations

Branches:
Dungeon (11/15)            Temple (1/1) D:6            Lair (3/6) D:11
 Shoals (0/4) Lair:2          Orc (0/2) D:9
  Snake: Lair:2-4    Spider: Lair:2-4

Altars:
Ashenzari
Cheibriados
Dithmenos
Elyvilon
Fedhas
Gozag
Hepliaklqana
Kikubaaqudgha
Makhleb
Nemelex Xobeh
Okawaru
Qazlal
Ru
Sif Muna
Trog
Uskayaw
Vehumet
Wu Jian
Xom
Yredelemnul
Zin
The Shining One

Shops:
D:5 (

Annotations:
D:4 1 runed translucent door, Exodus22XD's ghost, amateur DDFi
D:10 1 runed translucent door, Ivernyr's ghost, journeyman OgWz
D:11 2 transporters, KyoPewz's ghost, adept DECj
Lair:3 Sonja


Innate Abilities, Weirdness & Mutations

You have hooves in place of feet.
You are mostly covered in molten scales. (AC +3)
You sometimes gain power by taking damage.


Message History

The killer bee closely misses you. The naga closely misses you.
The yak barely misses you.
A spiny frog comes into view.
You block the naga's attack. The naga constricts you. The wyvern bites you!
* * * LOW HITPOINT WARNING * * *
You hear a shout!
You hear an angry hiss.
You hear an angry buzzing noise. x2
You hear a bellow!
You hear an angry buzzing noise.
You hear a shout! x2
You hear a loud, deep croak!
You hear an angry buzzing noise.
You hear an angry hiss. x3
You slice the yak!! You kick the yak, but do no damage.
The yak is almost dead.
You hit the wyvern. You closely miss the naga.
You hit the yak but do no damage. You closely miss the killer bee.
You feel sick.
The killer bee stings you but does no damage.
The killer bee barely misses you. The yak barely misses you. The yak gores you!
* * * LOW HITPOINT WARNING * * *
The naga hits you but does no damage. You block the wyvern's attack.
The naga hits you with a +0 glaive.
You die...

≈ #...≈.....#...
.. ..
..#....N...#.N#.
N#
....##......#....N
N ..≈. #......##..
#. .. #####...##
######....##
#.#Y.......##
##.#YNN.†....#
#..#..#@lH...#.##
#...y#YY...###
#.#..#r...#.#
...#...P..##
#.≈..#.l.#...
.#....#........ #
#.##.. ....P..).
#?#####[#.# ##.
.#...#...
#...yh#l# #. ##.


You could see a komodo dragon, a hippogriff, 4 yaks, a wyvern, 2 nagas, a
porcupine and a killer bee.

Vanquished Creatures
  Gastronok (D:11)
  Josephine (D:11)
  Erolcha (D:9)
  A hydra (Lair:2)
  Erica (D:8)
  A queen ant (Lair:2)
  Urug (D:11)
  Nergalle (D:11)
  An unseen horror (D:11)
  Pikel (D:5)
  An ugly thing (D:11)
  A manticore (Lair:3)
  Psyche (D:8)
  2 centaur skeletons
  A rime drake (Lair:3)
  2 spiny frogs
  A gargoyle (D:10)
  3 komodo dragons
  Maggie (D:6)
  5 blink frogs
  5 hippogriffs
  3 wraiths
  6 yaks
  3 fire bats (Lair:1)
  5 wyverns
  Grum (D:8)
  Eustachio (D:6)
  A basilisk (D:11)
  A hungry ghost (D:10)
  A naga (Lair:3)
  Menkaure (D:6)
  5 soldier ants (Lair:2)
  Edmund (D:5)
  An acid dragon (D:11)
  3 water moccasins
  A porcupine (Lair:2)
  3 orc warriors
  A swamp drake (D:11)
  A necrophage (D:10)
  An ice beast (D:7)
  3 sky beasts
  5 ogres
  A black bear (D:6)
  3 phantoms
  10 wolves
  3 centaurs (D:5)
  6 crocodiles
  6 bullfrogs
  2 big kobolds
  2 gnoll sergeants
  5 scorpions
  22 killer bees
  4 wights (D:11)
  5 electric eels (D:10)
  3 crimson imps
  A quasit (D:9)
  2 jellies (D:6)
  4 hounds
  An orc priest (D:8)
  3 bullfrog skeletons
  3 iguanas
  4 orc wizards
  20 worker ants
  A killer bee zombie (D:8)
  2 hound skeletons
  6 gnolls
  A howler monkey skeleton (D:7)
  13 adders
  A shadow imp (D:8)
  An ooze (D:2)
  3 adder skeletons (D:4)
  2 adder zombies
  2 worms (D:2)
  A dart slug (D:1)
  5 leopard geckos
  27 orcs
  2 ball pythons
  8 bats
  2 giant cockroaches
  5 goblins
  7 hobgoblins
  5 jackals
  5 quokkas
  2 frilled lizards
  10 kobolds
  A quokka skeleton (D:4)
  8 rats
311 creatures vanquished.

Vanquished Creatures (others)
  An ugly thing (D:11)
  Prince Ribbit (D:5)
  A crimson imp (D:5)
  An orc priest (D:5)
  An orc wizard (D:5)
  An adder (D:5)
  2 gnolls (D:11)
  4 orcs
  2 fungi (Lair:3)
  2 plants (Lair:3)
  2 withered plants (D:4)
18 creatures vanquished.

Grand Total: 329 creatures vanquished

Notes
Turn   | Place    | Note
-------+----------+-------------------------------------------
     0 | D:1      | DearestLeader the Demonspawn Gladiator began the quest for
                  | the Orb.
     0 | D:1      | Reached XP level 1. HP: 16/16 MP: 1/1
   129 | D:1      | Gained mutation: You have large cloven feet. [demonic
                  | ancestry]
   129 | D:1      | Reached XP level 2. HP: 16/22 MP: 2/2
   447 | D:1      | Reached skill level 1 in Armour
   858 | D:2      | Reached XP level 3. HP: 24/28 MP: 3/3
  1033 | D:2      | Reached skill level 3 in Axes
  1092 | D:2      | Reached XP level 4. HP: 4/34 MP: 4/4
  2448 | D:3      | Gained mutation: You are partially covered in molten
                  | scales. (AC +2) [demonic ancestry]
  2448 | D:3      | Reached XP level 5. HP: 34/41 MP: 5/5
  2645 | D:4      | Noticed an ogre
  2649 | D:4      | Killed an ogre
  2649 | D:4      | Reached skill level 4 in Axes
  2778 | D:4      | Reached XP level 6. HP: 47/47 MP: 6/6
  2845 | D:4      | Found a runed translucent door.
  2845 | D:4      | Noticed Exodus22XD's ghost (amateur DDFi)
  3526 | D:4      | Reached skill level 5 in Axes
  3980 | D:5      | Entered Level 5 of the Dungeon
  4007 | D:5      | Found Tisch's Weapon Emporium.
  4013 | D:5      | Noticed a slave
  4013 | D:5      | Noticed Pikel
  4013 | D:5      | Noticed a slave
  4013 | D:5      | Noticed a slave
  4014 | D:5      | Noticed a slave
  4049 | D:5      | Killed Pikel
  4049 | D:5      | Reached skill level 6 in Axes
  4049 | D:5      | Gained mutation: You have hoof-like feet. [demonic
                  | ancestry]
  4049 | D:5      | Reached XP level 7. HP: 44/55 MP: 7/7
  4217 | D:5      | Reached skill level 5 in Fighting
  4217 | D:5      | Gained mutation: You sometimes gain a little power by
                  | taking damage. [demonic ancestry]
  4217 | D:5      | Reached XP level 8. HP: 30/62 MP: 8/8
  4938 | D:5      | Reached skill level 7 in Axes
  5000 | D:5      | Noticed Prince Ribbit
  5011 | D:5      | Killed Prince Ribbit
  5088 | D:5      | You fall into a shaft and drop 2 floors!
  5345 | D:6      | Reached skill level 5 in Armour
  5514 | D:5      | Noticed Edmund
  5532 | D:5      | Killed Edmund
  5695 | D:6      | Found a sacrificial altar of Ru.
  5738 | D:6      | Noticed Eustachio
  5743 | D:6      | Killed Eustachio
  5777 | D:6      | Gained mutation: You sometimes gain power by taking damage.
                  | [demonic ancestry]
  5777 | D:6      | Reached XP level 9. HP: 59/69 MP: 9/9
  5975 | D:6      | Reached skill level 8 in Axes
  6128 | D:6      | Found a staircase to the Ecumenical Temple.
  6129 | D:6      | Noticed Menkaure
  6136 | D:6      | Killed Menkaure
  6178 | Temple   | Entered the Ecumenical Temple
  6676 | D:6      | Noticed Maggie
  6685 | D:6      | Killed Maggie
  6899 | D:7      | Reached skill level 9 in Axes
  7025 | D:7      | Found a shimmering blue altar of Sif Muna.
  7102 | D:7      | Found the cursed +13 scythe of Curses {drain, *Curse}
  7130 | D:7      | Found a shadowy altar of Dithmenos.
  7130 | D:7      | Found a shattered altar of Ashenzari.
  7131 | D:7      | Found a sparkling altar of Nemelex Xobeh.
  7737 | D:8      | Noticed Psyche
  7741 | D:8      | Killed Psyche
  7825 | D:8      | HP: 2/69 [wolf[Grum] (4)]
  8363 | D:7      | Reached skill level 10 in Axes
  8480 | D:8      | Gained mutation: You are mostly covered in molten scales.
                  | (AC +3) [demonic ancestry]
  8480 | D:8      | Reached XP level 10. HP: 70/76 MP: 10/10
  8522 | D:8      | Noticed Grum
  8539 | D:8      | Killed Grum
  8882 | D:8      | Noticed Erica
  9056 | D:8      | Killed Erica
  9558 | D:9      | Reached skill level 11 in Axes
  9662 | D:9      | Found an iron altar of Okawaru.
  9748 | D:9      | Found a stormy altar of Qazlal.
  9756 | D:9      | Became a worshipper of Qazlal Stormbringer
  9940 | D:9      | Noticed Erolcha
  9950 | D:9      | Killed Erolcha
 10165 | D:9      | Found a staircase to the Orcish Mines.
 10229 | D:10     | Entered Level 10 of the Dungeon
 10449 | D:10     | Noticed a gargoyle
 10455 | D:10     | Killed a gargoyle
 10534 | D:10     | Found a runed translucent door.
 10534 | D:10     | Noticed Ivernyr's ghost (journeyman OgWz)
 13100 | D:10     | Reached skill level 12 in Axes
 13100 | D:10     | Reached XP level 11. HP: 77/81 MP: 11/11
 13325 | D:11     | Noticed Gastronok
 13328 | D:11     | Noticed a cyan ugly thing
 13546 | D:11     | Noticed Nergalle
 13546 | D:11     | Noticed a red ugly thing
 13591 | D:11     | Noticed Urug
 13621 | D:11     | Noticed Josephine
 14092 | D:11     | Killed Gastronok
 14361 | D:11     | Noticed an unseen horror
 14369 | D:11     | Killed an unseen horror
 14392 | D:11     | Killed Josephine
 14402 | D:11     | Killed a red ugly thing
 14444 | D:11     | Killed a red ugly thing
 14444 | D:11     | Reached skill level 13 in Axes
 14451 | D:11     | Killed Urug
 14454 | D:11     | Reached * piety under Qazlal
 14745 | D:11     | Killed Nergalle
 14998 | D:11     | Noticed KyoPewz's ghost (adept DECj)
 15000 | D:11     | Found a transporter.
 15001 | D:11     | Noticed a two-headed ogre
 15001 | D:11     | Noticed a stone giant
 15001 | D:11     | Noticed a tengu warrior
 15383 | D:11     | Found a staircase to the Lair.
 15461 | D:11     | Found a transporter.
 15549 | Lair:1   | Entered Level 1 of the Lair of Beasts
 15994 | Lair:1   | Reached skill level 10 in Armour
 16014 | Lair:1   | Gained mutation: You have hooves in place of feet. [demonic
                  | ancestry]
 16014 | Lair:1   | Reached XP level 12. HP: 61/88 MP: 12/12
 16025 | Lair:1   | Reached ** piety under Qazlal
 17284 | Lair:2   | Reached skill level 14 in Axes
 17682 | Lair:2   | Noticed a queen ant
 17693 | Lair:2   | Killed a queen ant
 17953 | Lair:2   | Found a staircase to the Shoals.
 18183 | Lair:2   | Noticed a six-headed hydra
 18193 | Lair:2   | Killed a six-headed hydra
 18442 | Lair:3   | Noticed Sonja
 18472 | Lair:3   | Reached *** piety under Qazlal
 18695 | Lair:3   | HP: 4/88 [yak (10)]
 18695 | Lair:3   | Slain by a naga

Illustrated notes

Levels and vault maps discovered:
D:1:      kennysheep_arrival_forest, layout_basic, st_stairs_1
D:2:      minmay_chambers_of_twos, layout_rooms
D:3:      layout_rooms
D:4:      layout_loops_ring, first_ration, gammafunk_ghost_grave,
          grunt_ministairs_10
D:5:      minmay_octagon_keep, layout_basic, serial_shops, nicolae_shop_trees,
          roderic_lattice_a, uniq_pikel, uniq_edmund, uniq_prince_ribbit1
D:6:      black_bear_nest_1, layout_basic, minmay_temple_entry_stoned_glass,
          nicolae_ru_sacrificial_ziggurat, uniq_maggie, uniq_eustachio,
          uniq_menkaure
D:7:      layout_loops_ring, nicolae_overflow_hidden_temple,
          kennysheep_little_box
D:8:      layout_cave_pools, kennysheep_dice, uniq_erica, uniq_grum, uniq_psyche
D:9:      layout_loops_ring, nicolae_qazlal_style_of_elements,
          old_standard_altar, orc_0_dummy, uniq_erolcha
D:10:     layout_basic, gammafunk_ghost_grave, blue_anna_alchemist
          [blue_anna_fruit_fields, blue_anna_fruit_fields]
D:11:     layout_cave_pools, erik_lair_dragon, gammafunk_ghost_arena,
          chequers_jeans, uniq_josephine, uniq_gastronok, uniq_nergalle,
          uniq_urug
Temple:   eino_temple_rhombus
Lair:1:   layout_small_grid, nicolae_volcano_entry_batcave,
          chequers_serial_rivers_large_b
Lair:2:   layout_gridlike, elwin_shoals_entry_rocks, minmay_another_anthill
Lair:3:   regret_index_tunnel_blossom, layout_cave_pods,
          minmay_snake_entry_guardpost_large, uniq_sonja

Skill      XL: |  1  2  3  4  5  6  7  8  9 10 11 12 |
---------------+-------------------------------------+-----
Armour         | 1 2 4 5 7 8 10 | 10.8
Dodging        | 3 4 |  4.8
Axes           | 3 4 6 7 10 12 13 14 | 14.7
Fighting       | 3 4 5 6 |  6.3
Throwing       | |  1.7

Action                   |  1- 3 |  4- 6 |  7- 9 | 10-12 || total
-------------------------+-------+-------+-------+-------++-------
Melee: War axe           |    64 |   165 |   150 |     3 ||   382
       Kick              |    11 |    45 |    77 |   245 ||   378
       Halberd           |       |       |   100 |   184 ||   284
       Demon trident     |       |       |       |   495 ||   495
       Battleaxe         |       |       |       |    58 ||    58
Evoke: Wand              |     1 |       |       |       ||     1
  Use: Potion            |     5 |     2 |     6 |     3 ||    16
       Scroll            |       |     6 |    10 |     7 ||    23
 Stab: Confused          |       |       |       |     1 ||     1
  Eat: Chunk             |       |     9 |    12 |    21 ||    42
       Ration            |       |       |     1 |     4 ||     5
Armor: Ring mail         |    21 |    13 |       |       ||    34
       Leather armour    |     6 |       |       |       ||     6
       Scale mail        |       |    47 |    11 |       ||    58
       Skin              |       |     9 |    87 |       ||    96
       Plate armour      |       |       |   208 |   543 ||   751
Dodge: Dodged            |    52 |   103 |   139 |   360 ||   654
Block: Other             |       |     6 |   102 |   289 ||   397
       Reflection        |       |       |     4 |    12 ||    16
